 Dungeon Crawl Stone Soup version 0.30.1-3-gfc49f6343a (webtiles) character file.

Game seed: 6418139375372879677

117 Fodor the Covered (level 4, -8/41 HPs)
             Began as a Minotaur Fighter on Aug 1, 2023.
             Killed by divine providence
             ... invoked by an orc priest
              (13 damage)
             ... on level 3 of the Dungeon.
             The game lasted 00:09:53 (1947 turns).

Fodor the Covered (Minotaur Fighter)                Turns: 1947, Time: 00:09:53

Health: -8/41      AC:  9    Str: 23    XL:     4   Next: 71%
Magic:  0/3        EV:  8    Int:  5    God:
Gold:   79         SH:  4    Dex:  9    Spells: 3/3 levels left

rFire   . . .        q - +2 spear (freeze)
rCold   . . .        c - +0 buckler
rNeg    . . .        j - +0 chain mail
rPois   .            (helmet restricted)
rElec   .            (no cloak)
rCorr   .            (no gloves)
SInv    .            (no boots)
Will    .....        o - amulet of guardian spirit Stlth
                     (no ring)
HPRegen 0.26/turn    (no ring)
MPRegen 0.08/turn

%: guardian spirit
@: very slow
A: horns 2, retaliatory headbutt
a: no special abilities


You were on level 3 of the Dungeon.
You visited 1 branch of the dungeon, and saw 4 of its levels.

You collected 79 gold pieces.

Inventory:

Hand Weapons
 q - a +2 spear of freezing (weapon)
Missiles
 f - 2 poisoned darts (quivered)
 p - 4 curare-tipped darts
Armour
 b - a +0 pair of boots
 c - a +0 buckler (worn)
 j - a +0 chain mail (worn)
Jewellery
 o - an amulet of guardian spirit (around neck)
Scrolls
 e - 2 scrolls of identify {unknown}
 i - a scroll of fear {unknown}
 k - a scroll of vulnerability {unknown}
 l - 2 scrolls of silence {unknown}
Potions
 d - a potion of might
 g - 2 potions of mutation {unknown}
 h - 2 potions of curing {unknown}
 m - a potion of degeneration {unknown}
 n - a potion of ambrosia {unknown}


   Skills:
 + Level 4.5 Fighting
 + Level 3.9 Long Blades
 + Level 4.6 Armour
 + Level 0.6 Dodging
 + Level 4.1 Shields


You had 3 spell levels left.
You didn't know any spells.
Your spell library was empty.

Dungeon Overview and Level Annotations

Branches:
Dungeon (4/15)
 Temple: D:4-7

Altars:


Innate Abilities, Weirdness & Mutations

You have a pair of horns on your head.
You reflexively headbutt those who attack you in melee.


Message History

An orc priest comes into view.
It is wielding a +2 short sword of speed.
The dart slug barely misses you.
You hit the dart slug. You freeze the dart slug. You headbutt the dart slug.
You kill the dart slug!
The orc splashes around in the water.
The orc priest begins to cast a cantrip, but forgets the words!
The orc hits you but does no damage.
The orc priest mumbles some strange prayers to Beogh against you.
Beogh smites you!
An orc comes into view. It is wielding a +0 hand axe.
You see here a dart slug corpse.
You barely miss the orc.
The orc shouts!
The orc hits you with a +0 mace.
You hit the orc. You freeze the orc.
The orc is almost dead.
The orc splashes around in the water.
Your unstable footing causes you to fumble your attack.
The orc splashes around in the water.
Your unstable footing causes you to fumble your attack.
The orc hits you but does no damage.
The orc priest invokes the aid of Beogh against you.
Beogh smites you! The orc barely misses you.
The orc splashes around in the water.
You block the orc's attack.
Your unstable footing causes you to fumble your attack.
The orc priest hits you with a +2 short sword of speed.
* * * LOW HITPOINT WARNING * * *
The orc hits you with a +0 mace.
* * * LOW HITPOINT WARNING * * *
You block the orc's attack. The orc priest closely misses you.
You furiously retaliate!
You headbutt the orc priest!
The orc splashes around in the water.
The orc splashes around in the water.
The orc priest hits you with a +2 short sword of speed.
* * * LOW HITPOINT WARNING * * *
The orc hits you but does no damage.
The orc splashes around in the water.
The orc priest barely misses you.
The orc priest mumbles some strange prayers to Beogh against you.
Beogh smites you!
You die...

♣♣ ♣~PP.#.#...#
♣P~..#...#.#
♣P~.######)# ♣~~.
##...# ~P~#
##....######♣♣♣♣♣
#.....~~~~~~~~~P♣♣
#.#...~~P~~~~~≈≈~♣
#.#...~~oo~~≈≈~≈~♣
. #....@~o~~≈≈≈~~P
#
#....~~o~~≈≈≈≈~≈≈
#.#....~~~≈≈≈≈≈~~
#.#....~~~~≈≈≈≈≈~
..#..~~~~~~~≈≈≈≈P
# #..~P~~~P~≈≈~~~
#..~~P~P~~~~~♣♣
...~~~~~P~P♣♣♣


You could see an orc priest and 3 orcs.

Vanquished Creatures
  4 gnolls (D:3)
  4 adders
  2 worms (D:2)
  2 dart slugs
  3 orcs (D:3)
  2 ball pythons
  2 endoplasms
  A giant cockroach (D:2)
  A hobgoblin (D:1)
  A quokka (D:1)
  7 bats
  2 frilled lizards
  5 goblins
  2 kobolds (D:3)
  A rat (D:1)
39 creatures vanquished.

Notes
Turn   | Place    | Note
-------+----------+-------------------------------------------
     0 | D:1      | Fodor the Minotaur Fighter began the quest for the Orb.
     0 | D:1      | Reached XP level 1. HP: 19/19 MP: 0/0
   214 | D:1      | Found a faded altar of an unknown god.
   227 | D:1      | Reached XP level 2. HP: 26/27 MP: 1/1
   786 | D:2      | Reached XP level 3. HP: 33/33 MP: 2/2
  1603 | D:3      | Reached XP level 4. HP: 25/41 MP: 3/3
  1947 | D:3      | Killed from afar by an orc priest

Illustrated notes

Levels and vault maps discovered:
D:1:      dpeg_arrival_connections, layout_rooms,
          shapermc_ecumenical_altar_mp_urbaneastern
D:2:      layout_loops_cross, due_unseen_surprise
D:3:      layout_loops_ring, serial_bayou, serial_bayou_shore_a,
          serial_bayou_pond_c, serial_bayou_lagoon_a, serial_bayou_pond_c,
          amcnicky_mini_corridor_feature, uniq_sigmund
D:4:      layout_basic, nicolae_hepliaklqana_monster_ancestors,
          serial_park_tiny_pond

Skill      XL: |  1  2  3 |
---------------+----------+-----
Fighting       | 4 |  4.5
Armour         | 4 |  4.6
Shields        | 4 |  4.1
Long Blades    | 3 |  3.9
Dodging        | |  0.6

Action                     |  1- 3 |  4- 6 || total
---------------------------+-------+-------++-------
  Melee: Long sword        |    87 |    16 ||   103
         Headbutt          |     8 |     7 ||    15
         Spear             |       |    19 ||    19
 Armour: Scale mail        |    15 |       ||    15
         Chain mail        |    52 |    19 ||    71
  Dodge: Dodged            |    45 |    18 ||    63
  Block: Buckler           |    23 |     9 ||    32
